General information
- name: BNet
- type: Ladder team game (AT/RT)
- host: Battle.net
- saver: MsClausPlusNine
map: Deadlock
- players: 8
- length: 37:16
- speed: Fast
- version: 1.26 W3XP
- replay type:

» download(373 KB)
Players
team 1 (loser)
Dempzor (
blue | 60 APM | 2223 actions | 37:10)
4 Warden
2 Fan of Knives
2 Shadow Strike
» actions
| Build / train | 88 | |
| Enter build submenu | 22 | |
| Enter hero's abilities submenu | 4 | |
| Remove unit from queue | 4 | |
| Right click | 1166 | |
| Select / deselect | 765 | |
| Use ability | 174 | |
2223 total
» units
| Wisp | 28 | |
| Archer | 10 | |
| Glaive Thrower | 6 | |
| Mountain Giant | 9 | |
| Druid of the Claw | 1 | |
| Dryad | 5 | |
59 total
» upgrades
| Reinforced Hides | 3 | |
| Vorpal Blades | 1 | |
| Hardened Skin | 1 | |
| Resistant Skin | 1 | |
| Strength of the Wild | 3 | |
| Ultravision | 1 | |
| Abolish Magic | 1 | |
| Moon Armor | 1 | |
| Strength of the Moon | 1 | |
13 total
» buildings
| Ancient of War | 1 | |
| Altar of Elders | 1 | |
| Moon Well | 9 | |
| Hunter's Hall | 1 | |
| Ancient Protector | 4 | |
| Tree of Life | 2 | |
| Ancient of Wonders | 1 | |
| Tree of Ages | 1 | |
| Tree of Eternity | 1 | |
| Ancient of Lore | 2 | |
23 total
» build order
00:07 Ancient of War
00:10 Altar of Elders
00:14 Moon Well
01:58 Moon Well
03:36 Hunter's Hall
03:56 Moon Well
04:41 Moon Well
05:01 Ancient Protector
05:25 Ancient Protector
07:13 Tree of Life
07:26 Ancient of Wonders
08:33 Tree of Ages
11:13 Tree of Eternity
12:12 Ancient of Lore
12:20 Ancient of Lore
12:30 Moon Well
13:28 Moon Well
14:22 Moon Well
15:18 Moon Well
16:15 Ancient Protector
17:08 Moon Well
20:58 Tree of Life
21:29 Ancient Protector
» items
| Scroll of Town Portal | 2 | |
| Orb of Venom | 1 | |
3 total
Get_gorked (
green | 45 APM | 1677 actions | 37:07)
4 Priestess of the Moon
2 Trueshot Aura
2 Searing Arrows
» actions
| Assign group hotkey | 22 | |
| Basic commands | 1 | |
| Build / train | 96 | |
| Enter build submenu | 16 | |
| Enter hero's abilities submenu | 4 | |
| Remove unit from queue | 4 | |
| Right click | 820 | |
| Select / deselect | 644 | |
| Select group hotkey | 49 | |
| Use ability | 20 | |
1677 total
» units
| Wisp | 7 | |
| Archer | 33 | |
| Glaive Thrower | 27 | |
| Huntress | 18 | |
85 total
» upgrades
» buildings
| Moon Well | 6 | |
| Altar of Elders | 1 | |
| Ancient of War | 3 | |
| Tree of Ages | 1 | |
| Hunter's Hall | 1 | |
| Tree of Life | 1 | |
| Ancient of Lore | 1 | |
14 total
» build order
00:06 Moon Well
00:08 Altar of Elders
00:11 Ancient of War
01:47 Moon Well
03:06 Ancient of War
03:39 Moon Well
09:28 Moon Well
11:57 Moon Well
12:26 Tree of Ages
13:25 Hunter's Hall
15:14 Ancient of War
23:33 Tree of Life
27:13 Ancient of Lore
28:03 Moon Well
KungCalle (
purple | 95 APM | 3528 actions | 37:13)
3 Priestess of the Moon
2 Trueshot Aura
1 Scout
» actions
| Assign group hotkey | 9 | |
| Basic commands | 125 | |
| Build / train | 128 | |
| Enter build submenu | 19 | |
| Enter hero's abilities submenu | 3 | |
| Remove unit from queue | 18 | |
| Right click | 2725 | |
| Select / deselect | 441 | |
| Select group hotkey | 35 | |
| Use ability | 25 | |
3528 total
» units
| Wisp | 12 | |
| Archer | 54 | |
| Glaive Thrower | 4 | |
| Hippogryph | 24 | |
94 total
» upgrades
| Strength of the Moon | 3 | |
| Hippogryph Taming | 1 | |
| Reinforced Hides | 1 | |
| Strength of the Wild | 2 | |
| Ultravision | 1 | |
| Marksmanship | 1 | |
| Improved Bows | 1 | |
10 total
» buildings
| Altar of Elders | 1 | |
| Ancient of War | 2 | |
| Moon Well | 7 | |
| Tree of Life | 1 | |
| Hunter's Hall | 1 | |
| Tree of Ages | 1 | |
| Ancient of Wind | 2 | |
| Tree of Eternity | 1 | |
16 total
» build order
00:12 Altar of Elders
00:18 Ancient of War
00:31 Moon Well
02:06 Moon Well
03:07 Moon Well
04:06 Ancient of War
06:48 Moon Well
08:17 Tree of Life
10:24 Moon Well
11:52 Moon Well
11:53 Moon Well
14:56 Hunter's Hall
17:14 Tree of Ages
21:09 Ancient of Wind
27:30 Ancient of Wind
28:14 Tree of Eternity
masken( (
orange | 73 APM | 2698 actions | 37:10)
3 Keeper of the Grove
2 Force of Nature
1 Thorns Aura
» actions
| Assign group hotkey | 58 | |
| Basic commands | 11 | |
| Build / train | 117 | |
| ESC pressed | 2 | |
| Enter build submenu | 28 | |
| Enter hero's abilities submenu | 4 | |
| Right click | 1604 | |
| Select / deselect | 507 | |
| Select group hotkey | 324 | |
| Use ability | 43 | |
2698 total
» units
» upgrades
| Improved Bows | 1 | |
| Strength of the Wild | 3 | |
| Reinforced Hides | 3 | |
| Corrosive Breath | 1 | |
8 total
» buildings
| Altar of Elders | 1 | |
| Ancient of War | 2 | |
| Moon Well | 6 | |
| Tree of Ages | 1 | |
| Hunter's Hall | 1 | |
| Tree of Eternity | 1 | |
| Ancient of Wind | 1 | |
| Chimaera Roost | 2 | |
| Tree of Life | 1 | |
16 total
» build order
00:09 Altar of Elders
00:15 Ancient of War
00:36 Moon Well
01:35 Moon Well
02:06 Moon Well
03:03 Ancient of War
03:29 Moon Well
10:23 Tree of Ages
11:38 Hunter's Hall
13:21 Tree of Eternity
15:51 Ancient of Wind
16:38 Moon Well
17:49 Chimaera Roost
18:43 Tree of Life
19:53 Chimaera Roost
21:33 Moon Well
» items
team 2 (winner)
baby_in_pram (
pink | 120 APM | 4486 actions | 37:14)
7 Warden
3 Shadow Strike
3 Blink
1 Spirit of Vengeance
» actions
| Assign group hotkey | 151 | |
| Basic commands | 39 | |
| Build / train | 70 | |
| Enter build submenu | 17 | |
| Enter hero's abilities submenu | 7 | |
| Give item / drop item | 1 | |
| Remove unit from queue | 1 | |
| Right click | 2980 | |
| Select / deselect | 293 | |
| Select group hotkey | 662 | |
| Use ability | 265 | |
4486 total
» units
| Wisp | 25 | |
| Chimaera | 5 | |
| Harpy Windwitch | 1 | |
31 total
» upgrades
| Strength of the Wild | 3 | |
| Reinforced Hides | 3 | |
| Well Spring | 1 | |
| Corrosive Breath | 1 | |
| Ultravision | 1 | |
9 total
» buildings
| Altar of Elders | 1 | |
| Moon Well | 5 | |
| Hunter's Hall | 1 | |
| Tree of Ages | 4 | |
| Tree of Eternity | 2 | |
| Ancient of Wind | 1 | |
| Chimaera Roost | 2 | |
| Tree of Life | 2 | |
18 total
» build order
00:01 Altar of Elders
00:03 Moon Well
01:32 Moon Well
03:34 Hunter's Hall
04:26 Tree of Ages
04:26 Tree of Ages
04:26 Tree of Ages
07:01 Tree of Eternity
07:01 Tree of Eternity
08:37 Ancient of Wind
08:48 Moon Well
08:49 Moon Well
08:50 Moon Well
11:14 Chimaera Roost
11:15 Chimaera Roost
14:36 Tree of Life
21:06 Tree of Life
» items
| Scroll of Regeneration | 1 | |
| Lesser Clarity Potion | 1 | |
| Boots of Speed | 1 | |
| Staff of Teleportation | 1 | |
| Orb of Lightning | 2 | |
| Periapt of Vitality | 1 | |
| Circlet of Nobility | 1 | |
| Tiny Great Hall | 1 | |
| Ivory Tower | 3 | |
12 total
iggyhailsthee (
yellow | 127 APM | 4727 actions | 37:14)
6 Archmage
3 Blizzard
2 Brilliance Aura
1 Mass Teleport
5 Blood Mage
3 Flame Strike
2 Siphon Mana
4 Pit Lord
2 Rain of Fire
2 Cleaving Attack
» actions
| Assign group hotkey | 319 | |
| Basic commands | 31 | |
| Build / train | 136 | |
| Enter build submenu | 66 | |
| Enter hero's abilities submenu | 16 | |
| Give item / drop item | 7 | |
| Remove unit from queue | 7 | |
| Right click | 2175 | |
| Select / deselect | 367 | |
| Select group hotkey | 1311 | |
| Use ability | 291 | |
4727 total
» units
» upgrades
| Masonry | 2 | |
| Lumber Harvesting | 1 | |
| Magic Sentry | 1 | |
4 total
» buildings
| Altar of Kings | 1 | |
| Farm | 5 | |
| Lumber Mill | 1 | |
| Scout Tower | 70 | |
| Arcane Tower | 11 | |
| Guard Tower | 27 | |
| Arcane Vault | 6 | |
| Keep | 1 | |
| Town Hall | 1 | |
| Castle | 1 | |
| Arcane Sanctum | 2 | |
126 total
» build order
00:04 Altar of Kings
00:19 Farm
00:37 Lumber Mill
00:50 Farm
01:20 Scout Tower
01:26 Farm
01:38 Scout Tower
01:51 Arcane Tower
01:51 Arcane Tower
01:57 Farm
02:19 Scout Tower
02:20 Guard Tower
03:01 Guard Tower
03:02 Scout Tower
03:06 Scout Tower
03:29 Arcane Vault
03:33 Guard Tower
03:36 Scout Tower
04:26 Guard Tower
05:10 Scout Tower
05:35 Scout Tower
05:35 Scout Tower
05:40 Guard Tower
06:13 Scout Tower
06:33 Scout Tower
06:45 Guard Tower
06:47 Scout Tower
06:50 Scout Tower
07:15 Guard Tower
07:27 Scout Tower
07:31 Scout Tower
07:33 Scout Tower
07:36 Scout Tower
08:02 Guard Tower
08:23 Guard Tower
08:25 Scout Tower
08:34 Scout Tower
08:58 Keep
09:22 Guard Tower
09:24 Scout Tower
09:56 Arcane Tower
10:00 Scout Tower
10:24 Scout Tower
10:25 Scout Tower
10:26 Scout Tower
10:26 Scout Tower
10:32 Guard Tower
10:42 Scout Tower
11:27 Guard Tower
11:56 Guard Tower
13:59 Town Hall
14:21 Scout Tower
14:23 Scout Tower
14:23 Scout Tower
14:24 Scout Tower
14:25 Scout Tower
14:26 Scout Tower
14:55 Castle
14:58 Guard Tower
15:04 Arcane Sanctum
15:07 Arcane Sanctum
15:29 Arcane Tower
15:40 Guard Tower
15:42 Guard Tower
15:55 Scout Tower
16:49 Guard Tower
16:53 Scout Tower
16:53 Scout Tower
16:54 Scout Tower
17:03 Guard Tower
17:06 Arcane Vault
17:09 Scout Tower
17:10 Scout Tower
17:11 Scout Tower
17:12 Scout Tower
17:12 Scout Tower
17:13 Scout Tower
17:20 Farm
17:22 Scout Tower
17:23 Scout Tower
17:32 Guard Tower
18:43 Guard Tower
18:46 Arcane Tower
18:47 Guard Tower
18:55 Arcane Vault
20:05 Arcane Vault
20:07 Scout Tower
20:08 Scout Tower
20:09 Guard Tower
20:55 Guard Tower
20:56 Scout Tower
20:57 Scout Tower
21:01 Scout Tower
21:01 Scout Tower
21:02 Scout Tower
21:03 Scout Tower
21:40 Guard Tower
23:51 Scout Tower
23:59 Guard Tower
24:05 Arcane Vault
24:23 Guard Tower
24:27 Scout Tower
24:32 Scout Tower
24:33 Scout Tower
25:05 Guard Tower
26:06 Scout Tower
26:08 Scout Tower
26:12 Scout Tower
26:15 Scout Tower
27:41 Arcane Tower
28:25 Arcane Tower
29:02 Arcane Tower
29:18 Scout Tower
29:20 Scout Tower
30:57 Arcane Tower
32:41 Arcane Tower
32:42 Arcane Tower
32:44 Arcane Vault
33:20 Scout Tower
33:21 Scout Tower
33:22 Scout Tower
33:23 Scout Tower
33:24 Scout Tower
33:24 Scout Tower
33:28 Scout Tower
33:28 Scout Tower
» items
| Scroll of Regeneration | 5 | |
| Lesser Clarity Potion | 2 | |
| Healing Salve | 4 | |
| Orb of Lightning | 3 | |
| Staff of Teleportation | 3 | |
| Boots of Speed | 1 | |
| Circlet of Nobility | 2 | |
| Potion of Healing | 1 | |
| Staff of Sanctuary | 3 | |
| Periapt of Vitality | 3 | |
27 total
MsClausPlusNine (
teal | 126 APM | 4693 actions | 37:15)
7 Blademaster
3 Wind Walk
3 Critical Strike
1 Bladestorm
6 Tauren Chieftain
3 Shockwave
2 Endurance Aura
1 Reincarnation
» actions
| Assign group hotkey | 21 | |
| Build / train | 113 | |
| Enter build submenu | 48 | |
| Enter hero's abilities submenu | 14 | |
| Give item / drop item | 11 | |
| Remove unit from queue | 1 | |
| Right click | 3134 | |
| Select / deselect | 586 | |
| Select group hotkey | 478 | |
| Use ability | 287 | |
4693 total
» units
» upgrades
| Ranged Weapons | 3 | |
| Liquid Fire | 1 | |
| Armor | 2 | |
6 total
» buildings
| Altar of Storms | 1 | |
| Orc Burrow | 4 | |
| War Mill | 1 | |
| Voodoo Lounge | 5 | |
| Watch Tower | 45 | |
| Stronghold | 1 | |
| Beastiary | 2 | |
| Fortress | 1 | |
| Great Hall | 1 | |
| Barracks | 1 | |
62 total
» build order
00:11 Altar of Storms
00:21 Orc Burrow
00:37 War Mill
01:20 Voodoo Lounge
01:50 Watch Tower
02:09 Watch Tower
02:27 Watch Tower
02:54 Watch Tower
03:17 Watch Tower
03:36 Watch Tower
03:49 Stronghold
04:15 Orc Burrow
05:39 Orc Burrow
05:41 Watch Tower
05:42 Watch Tower
05:42 Watch Tower
05:43 Watch Tower
05:43 Watch Tower
06:50 Beastiary
06:53 Beastiary
07:37 Fortress
07:41 Orc Burrow
08:35 Voodoo Lounge
08:37 Watch Tower
09:37 Watch Tower
09:38 Watch Tower
09:38 Watch Tower
10:16 Voodoo Lounge
14:48 Great Hall
15:03 Watch Tower
15:03 Watch Tower
15:04 Watch Tower
15:05 Watch Tower
15:05 Watch Tower
15:06 Watch Tower
15:08 Watch Tower
15:10 Watch Tower
15:17 Voodoo Lounge
15:18 Voodoo Lounge
16:10 Watch Tower
16:11 Watch Tower
16:12 Watch Tower
16:13 Watch Tower
16:14 Watch Tower
18:50 Watch Tower
20:53 Watch Tower
20:57 Watch Tower
24:06 Watch Tower
24:06 Watch Tower
24:07 Watch Tower
24:07 Watch Tower
24:08 Watch Tower
24:09 Watch Tower
24:19 Watch Tower
24:19 Watch Tower
24:20 Watch Tower
24:23 Watch Tower
27:24 Watch Tower
27:25 Watch Tower
27:25 Watch Tower
27:26 Watch Tower
35:15 Barracks
» items
| Healing Salve | 11 | |
| Lesser Clarity Potion | 12 | |
| Scroll of Speed | 1 | |
| Orb of Lightning | 2 | |
| Potion of Healing | 3 | |
| Potion of Mana | 4 | |
| Boots of Speed | 2 | |
| Staff of Teleportation | 2 | |
| Staff of Sanctuary | 2 | |
| Scroll of Regeneration | 1 | |
| Scroll of Town Portal | 1 | |
41 total
timg4strok (
red | 104 APM | 3857 actions | 37:14)
5 Archmage
3 Blizzard
2 Brilliance Aura
4 Mountain King
2 Storm Bolt
2 Bash
5 Paladin
3 Holy Light
2 Divine Shield
» actions
| Assign group hotkey | 12 | |
| Basic commands | 99 | |
| Build / train | 127 | |
| ESC pressed | 3 | |
| Enter build submenu | 92 | |
| Enter hero's abilities submenu | 15 | |
| Give item / drop item | 3 | |
| Right click | 1706 | |
| Select / deselect | 371 | |
| Select group hotkey | 1125 | |
| Use ability | 302 | |
3857 total
» units
» upgrades
» buildings
| Altar of Kings | 1 | |
| Farm | 4 | |
| Lumber Mill | 1 | |
| Scout Tower | 106 | |
| Arcane Tower | 11 | |
| Guard Tower | 55 | |
| Keep | 2 | |
| Castle | 1 | |
| Arcane Sanctum | 1 | |
| Arcane Vault | 2 | |
| Town Hall | 1 | |
| Blacksmith | 1 | |
| Workshop | 1 | |
187 total
» build order
00:04 Altar of Kings
00:13 Farm
00:23 Lumber Mill
00:45 Farm
00:51 Scout Tower
01:25 Scout Tower
01:34 Scout Tower
01:37 Arcane Tower
01:37 Arcane Tower
01:37 Arcane Tower
01:38 Scout Tower
01:53 Arcane Tower
01:55 Scout Tower
02:00 Scout Tower
02:01 Guard Tower
02:02 Guard Tower
02:12 Guard Tower
02:13 Guard Tower
02:13 Guard Tower
02:18 Scout Tower
02:26 Guard Tower
02:26 Scout Tower
02:27 Scout Tower
02:34 Guard Tower
02:35 Scout Tower
02:48 Guard Tower
02:49 Scout Tower
03:18 Guard Tower
03:20 Scout Tower
03:21 Scout Tower
03:25 Scout Tower
03:27 Guard Tower
03:30 Scout Tower
03:31 Scout Tower
03:56 Keep
03:59 Guard Tower
04:08 Guard Tower
04:30 Guard Tower
04:31 Scout Tower
04:32 Scout Tower
04:34 Guard Tower
04:37 Scout Tower
04:49 Scout Tower
05:06 Guard Tower
05:21 Scout Tower
05:22 Scout Tower
05:26 Guard Tower
05:28 Scout Tower
05:30 Scout Tower
05:31 Scout Tower
05:34 Guard Tower
05:38 Scout Tower
06:01 Guard Tower
06:16 Guard Tower
06:18 Scout Tower
06:35 Castle
06:38 Guard Tower
06:44 Arcane Sanctum
06:45 Farm
06:47 Farm
07:43 Arcane Vault
07:44 Arcane Vault
07:45 Guard Tower
07:47 Scout Tower
07:47 Scout Tower
07:48 Scout Tower
08:22 Guard Tower
08:23 Scout Tower
08:23 Scout Tower
08:24 Scout Tower
08:27 Guard Tower
08:45 Guard Tower
09:49 Guard Tower
09:51 Scout Tower
09:51 Scout Tower
09:52 Scout Tower
10:02 Guard Tower
10:06 Scout Tower
10:07 Scout Tower
10:09 Scout Tower
10:56 Arcane Tower
11:16 Guard Tower
11:17 Scout Tower
11:18 Scout Tower
11:19 Scout Tower
11:34 Guard Tower
11:36 Scout Tower
11:36 Scout Tower
12:14 Scout Tower
12:15 Scout Tower
12:15 Scout Tower
12:16 Scout Tower
12:45 Guard Tower
13:23 Guard Tower
13:41 Scout Tower
13:42 Scout Tower
14:24 Scout Tower
14:35 Guard Tower
14:36 Scout Tower
14:37 Scout Tower
14:37 Scout Tower
14:38 Scout Tower
14:52 Guard Tower
14:56 Scout Tower
14:59 Guard Tower
15:11 Scout Tower
15:12 Scout Tower
15:12 Scout Tower
15:13 Scout Tower
15:52 Guard Tower
15:55 Scout Tower
15:55 Scout Tower
15:56 Scout Tower
15:56 Scout Tower
16:07 Scout Tower
16:08 Scout Tower
16:08 Scout Tower
16:09 Scout Tower
16:10 Scout Tower
16:45 Guard Tower
16:54 Guard Tower
16:56 Guard Tower
17:34 Town Hall
17:37 Guard Tower
17:39 Scout Tower
17:39 Scout Tower
17:40 Scout Tower
17:41 Scout Tower
17:43 Scout Tower
17:44 Scout Tower
17:48 Scout Tower
17:49 Scout Tower
17:50 Scout Tower
18:19 Guard Tower
18:39 Guard Tower
18:44 Scout Tower
18:46 Scout Tower
18:46 Scout Tower
18:47 Scout Tower
18:50 Guard Tower
18:59 Scout Tower
19:00 Scout Tower
20:10 Guard Tower
20:12 Arcane Tower
20:19 Scout Tower
20:19 Scout Tower
20:20 Scout Tower
20:20 Scout Tower
20:21 Scout Tower
20:22 Scout Tower
20:23 Scout Tower
20:24 Scout Tower
20:30 Guard Tower
20:31 Scout Tower
20:32 Scout Tower
20:35 Scout Tower
20:36 Scout Tower
20:37 Scout Tower
20:38 Scout Tower
21:05 Guard Tower
21:33 Guard Tower
21:38 Arcane Tower
22:04 Guard Tower
23:42 Guard Tower
23:43 Scout Tower
23:43 Scout Tower
23:44 Scout Tower
23:45 Scout Tower
23:46 Scout Tower
23:47 Scout Tower
23:48 Scout Tower
23:48 Scout Tower
23:55 Guard Tower
24:01 Arcane Tower
24:02 Guard Tower
24:33 Guard Tower
24:45 Guard Tower
25:39 Guard Tower
25:41 Arcane Tower
25:41 Arcane Tower
27:05 Blacksmith
28:55 Workshop
» items
| Staff of Teleportation | 3 | |
| Boots of Speed | 7 | |
| Staff of Sanctuary | 3 | |
| Orb of Lightning | 3 | |
| Periapt of Vitality | 2 | |
| Circlet of Nobility | 3 | |
21 total
Chat log
(03:09 / All) iggyhailsthee: tja
(03:13 / All) iggyhailsthee: Det här kommer bli skoj!
(06:37 / Allies) MsClausPlusNine: one microshane
(06:42 / Allies) MsClausPlusNine: a thousandth of a full shane
(12:06 / All) MsClausPlusNine: green???
(12:09 / All) iggyhailsthee: du blev gorkad
(13:10 / All) iggyhailsthee: HERRE MIN JE
(14:13 / All) iggyhailsthee: vilket blodbad
(19:35 / All) MsClausPlusNine: im gorking you
(20:26 / All) MsClausPlusNine: u have been gorked - tyler kerr
(25:29 / All) MsClausPlusNine: Stage II
(32:09 / All) MsClausPlusNine: dont touch base
(32:11 / All) MsClausPlusNine: we leave u
(32:12 / All) MsClausPlusNine: u leave us
(35:46 / All) iggyhailsthee: hey
(35:47 / All) MsClausPlusNine: my dad is choking on pizza
(35:51 / All) baby_in_pram: stop please
(35:53 / All) MsClausPlusNine: he's gorking
(35:54 / All) iggyhailsthee: Han kvävs
(35:55 / All) iggyhailsthee: han dööör
(36:31 / All) MsClausPlusNine: gork
(36:31 / All) timg4strok: hold on
(36:34 / All) timg4strok: they no pause 4 me
(37:06 / All) MsClausPlusNine: dont touch base
(37:12 / All) MsClausPlusNine: gorked